 Dungeon Crawl Stone Soup version 0.26-a0-712-ga5a9c9c9d0 (webtiles) character file.

Game seed: 16124900281773549356

38 somkeydreadnuts the Digger (level 3, 0/19 HPs)
             Began as a Gargoyle Earth Elementalist on Oct 31, 2020.
             Slain by Robin
             ... wielding a +0 mace
              (6 damage)
             ... on level 2 of the Dungeon.
             The game lasted 00:06:40 (1373 turns).

somkeydreadnuts the Digger (GrEE)                   Turns: 1373, Time: 00:06:40

Health: 0/19       AC:  5    Str: 11    XL:     3   Next: 43%
Magic:  0/6        EV: 12    Int: 16    God:
Gold:   122        SH:  0    Dex: 10    Spells: 5/6 levels left

rFire    . . .     SeeInvis .   m - +2 dagger (pain)
rCold    . . .     Faith    .   (no shield)
rNeg     + . .     Spirit   .   c - +0 robe
rPois    ∞         Reflect  .   (no helmet)
rElec    +         Harm     .   (no cloak)
rCorr    .         Rampage  .   (no gloves)
MR       .....                  (no boots)
Stlth    ++........             (no amulet)
HPRegen  0.06/turn              f - ring of wizardry
MPRegen  0.10/turn              (no ring)

@: no status effects
A: negative energy resistance 1, electricity resistance, unbreathing,
petrification resistance, rot immunity, AC +3
a: no special abilities


You were on level 2 of the Dungeon.
You visited 1 branch of the dungeon, and saw 2 of its levels.

You collected 122 gold pieces.

Inventory:

Hand Weapons
 m - a +2 dagger of pain (weapon)
Missiles
 b - 38 stones (quivered)
Armour
 c - a +0 robe (worn)
 i - a +0 scale mail
 j - a +0 leather armour
Jewellery
 f - a ring of wizardry (left hand)
Wands
 k - a wand of random effects (16)
Scrolls
 a - a scroll of enchant weapon {unknown}
 e - 3 scrolls of remove curse {unknown}
 h - 2 scrolls of identify {unknown}
 o - a scroll of teleportation {unknown}
Potions
 d - a potion of might {unknown}
 g - 2 potions of curing
 l - a potion of mutation {unknown}
 n - a potion of lignification {unknown}


   Skills:
 + Level 0.1 Short Blades
 - Level 1.5 Dodging
 - Level 2.1 Stealth
 + Level 2.3 Spellcasting
   Level 0.7 Transmutations
 - Level 5.0 Earth Magic


You had 5 spell levels left.
You knew the following spells:

 Your Spells              Type           Power        Failure   Level
a - Sandblast             Erth           ###...       1%          1

Your spell library contained the following spells:

 Spells                   Type           Power        Failure   Level
 Passwall                 Tmut/Erth      ##......     4%          2
 Stone Arrow              Conj/Erth      #.....       9%          3
 Petrify                  Tmut/Erth      ##......     24%         4
 Lee's Rapid Deconstruct  Erth           ###.......   26%         5


Dungeon Overview and Level Annotations

Branches:
Dungeon (2/15)

Altars:

Annotations:
D:2 Robin


Innate Abilities, Weirdness & Mutations

You are resistant to torment.
Your stone body is resilient. (AC +3)
You are immune to poison.
You resist negative energy. (rN+)
You are resistant to electric shocks. (rElec)
You can survive without breathing.
You are immune to petrification.
You are immune to rotting.


Message History

The goblins go into a battle-frenzy!
You hit Robin.
Robin is heavily wounded.
The goblin hits you but does no damage. Robin hits you but does no damage.
You barely miss Robin.
Robin is heavily wounded.
The goblin hits you with a +0 club. Robin hits you but does no damage.
You barely miss Robin.
Robin is heavily wounded.
The goblin hits you with a +0 club.
* * * LOW HITPOINT WARNING * * *
Robin closely misses you.
It was a potion of curing.
You feel better. The goblin hits you with a +0 club.
You hit Robin.
Robin is heavily wounded.
Robin hits you with a +0 mace. The goblin hits you with a +0 club.
You hit Robin.
Robin is severely wounded.
Robin hits you with a +0 mace.
You die...

#########
#.......#
#.####.##
#.#.<#.#
#...†#.#
####.#.#
..#g#
#..#@#
...#g#
....#g#
....#S#
.....#g#
#r# #K#
... #.#


You could see Robin, an adder, a hobgoblin (strong), 2 goblins, a kobold and a
rat.

Vanquished Creatures
  2 dart slugs (D:1)
  A leopard gecko (D:1)
  A giant cockroach (D:1)
  10 goblins
  3 hobgoblins
  5 kobolds
  6 bats (D:1)
  A frilled lizard (D:1)
  2 rats (D:1)
31 creatures vanquished.

Notes
Turn   | Place    | Note
-------+----------+-------------------------------------------
     0 | D:1      | somkeydreadnuts the Gargoyle Earth Elementalist began the
                  | quest for the Orb.
     0 | D:1      | Reached XP level 1. HP: 10/10 MP: 3/3
   102 | D:1      | Reached skill level 4 in Earth Magic
   268 | D:1      | Reached XP level 2. HP: 15/15 MP: 3/5
   918 | D:1      | Reached skill level 5 in Earth Magic
   918 | D:1      | Reached XP level 3. HP: 19/19 MP: 2/6
  1343 | D:2      | Noticed Robin
  1373 | D:2      | Slain by Robin

Illustrated notes

Levels and vault maps discovered:
D:1:      evilmike_arrival_hilbert_curve, layout_basic, serial_park_tiny_pond,
          nrook_loot_triangle, minivault_5
D:2:      layout_basic, fedhas_altar_fruit_tree, tgw_xom, vehumet_crystals,
          okawaru_ov_weapons_minmay, uniq_robin

Skill      XL: |  1  2 |
---------------+-------+-----
Earth Magic    | 4 5 |  5.0
Short Blades   | |  0.1
Dodging        | |  1.5
Stealth        | |  2.1
Spellcasting   | |  2.3
Transmutations | |  0.7

Action                   || total
-------------------------++-------
Melee: Unarmed           ||    18
       Dagger            ||    28
 Cast: Sandblast         ||    33
  Use: Potion            ||     1
 Stab: Sleeping          ||     1
Armor: Robe              ||    18
Dodge: Dodged            ||    28

Table legend: (Time is in decaauts)
 A = Elapsed time spent in this place.
 B = Non-inter-level travel time spent in this place.
 C = Inter-level travel time spent in this place.
 D = Time resting spent in this place.
 E = Time spent auto-exploring this place.
 F = Levels seen in this place.
 G = Mean time per level.
                   A        B        C        D        E       F      G
               +--------+--------+--------+--------+--------+-----+--------+
         Total |   1371 |   1371 |      0 |      0 |   1065 |   2 |  685.5 |
       Dungeon |   1371 |   1371 |      0 |      0 |   1065 |   2 |  685.5 |
               +--------+--------+--------+--------+--------+-----+--------+

Top non-repeatable levels by time:
     D:1: 1324 daAuts
     D:2: 47 daAuts
